Cogmind - Beta 12 @@@ ROGUE MODE // 2023.04.06 @ 16:16:02 // Winter2022/Polymind Player: Delirus Result: Destroyed by D-53 Grenadier with Mini Grenade Launcher Performance ------------- Evolutions (1) 500 Regions Visited (3) 600 Robots Destroyed (32) 160 Value Destroyed (932) 932 Prototype IDs (0) 0 Alien Tech Used (0) 0 Bonus (1808) 1808 TOTAL SCORE: 3590 Bonus ------- Polymind Skill 1697 High Alert Combat Kills 111 Cogmind --------- Core Integrity 0/400 Matter 0/0 Energy 16/100 System Corruption 0% Temperature Cool (0) Movement Core (50) Location -9/Mines Parts ------- > --- POWER (0) -------- (None) > --- PROPULSION (1) --- (None) > --- UTILITY (0) ------ (None) > --- WEAPON (1) ------- (None) > --- INVENTORY (0) ---- (None) Peak State ------------ > --- POWER ------------ Improved Ion Engine > --- PROPULSION ------- Light Treads Light Treads > --- UTILITY ---------- Heat Sink Heat Sink Light Armor Plating > --- WEAPON ----------- Beam Rifle Heavy Assault Rifle > --- INVENTORY -------- (None) [Rating: 11] Favorites ----------- Power Improved Ion Engine Engine Improved Ion Engine Power Core Light Nuclear Core Propulsion Light Treads Treads Light Treads Leg Aluminum Leg Wheel Wheel Hover Unit Assembled Hover Unit Utility Heat Sink Device Heat Sink Protection Light Armor Plating Weapon Beam Rifle Energy Gun Beam Rifle Ballistic Gun Heavy Assault Rifle Special Weapon Mining Laser Build | -11 -10 -9 -9 ------- Run | Jun Mat Mat Min Slots Evolved . | . . . . Power . | . . . . Propulsion . | . . . . Utility . | . . . . Weapon . | . . . . Parts Attached . | . . . . Power . | . . . . Engine . | . . . . Core . | . . . . Reactor . | . . . . Propulsion . | . . . . Treads . | . . . . Leg . | . . . . Wheel . | . . . . Hover . | . . . . Flight . | . . . . Utility . | . . . . Device . | . . . . Storage . | . . . . Processor . | . . . . Hackware . | . . . . Protection . | . . . . Artifact . | . . . . Weapon . | . . . . Energy Gun . | . . . . Energy Cannon . | . . . . Ballistic Gun . | . . . . Ballistic Cannon . | . . . . Launcher . | . . . . Special Weapon . | . . . . Impact Weapon . | . . . . Slashing Weapon . | . . . . Piercing Weapon . | . . . . Special Melee Weapon . | . . . . Unidentified Prototypes . | . . . . Parts Lost 8 | . 1 5 2 Power . | . . . . Propulsion 3 | . 1 1 1 Utility 4 | . . 4 . Weapon 1 | . . . 1 Highest Loss Streak 3 | . 1 3 2 To Critical Strikes . | . . . . Average Slot Usage (%) 84 | . 87 83 79 Engine 8 | . 5 10 9 Core 4 | . 11 2 . Treads 14 | . . 21 19 Leg 6 | . 18 2 . Wheel 3 | . 11 . . Device 18 | . 22 16 19 Protection 3 | . . 6 . Energy Gun 12 | . 11 13 9 Ballistic Gun 7 | . . 10 14 Special Weapon 1 | . 5 . . Naked Turns 48 | . 34 2 12 Heaviest Build 18 | . 9 18 15 Greatest Support 40 | 3 20 40 40 Greatest Overweight (x) 2 | . . 2 . Average Overweight (x) . | . . . . Largest Inventory Capacity 1 | . 1 1 1 Average Capacity . | . . . . Most Carried . | . . . . Average Carried . | . . . . Final Capacity 1 | . 1 1 . Final Carried . | . . . . Class Distribution -------------------- 60% | Sentry 24% | Grunt 9% | Tunneler 3% | Cogmind Dominant Class ---------------- Grunt | -10/Materials Sentry | -9/Materials Sentry | -9/Mines Resources | -11 -10 -9 -9 ----------- Run | Jun Mat Mat Min Matter Collected 182 | . . 161 21 Remotely . | . . . . Salvage Created 1009 | . 152 836 21 Parts 67 | . 6 61 . Haulers Intercepted . | . . . . Recyclers Shooed . | . . . . Parts Field Recycled . | . . . . Retrieved Matter . | . . . . Parts Self-Destructed . | . . . . Prevented . | . . . . Kills | -11 -10 -9 -9 ------- Run | Jun Mat Mat Min Combat Hostiles Destroyed 29 | . 3 25 1 Guns 29 | . 3 25 1 Classes Destroyed 8 | . 1 6 1 Worker 1 | . . 1 . Recycler 1 | . . 1 . Watcher 2 | . . 2 . Swarmer 7 | . . 7 . Grunt 15 | . 3 12 . Brawler 1 | . . 1 . Sentry 5 | . . 5 . Assembled 1 | . . . 1 Best Kill Streak 5 | . 1 5 1 Combat Bots Only 4 | . 1 4 1 Max Kills in Single Turn 2 | . 1 2 1 Gunslinging 1 | . . 1 . Exploded . | . . . . Melee . | . . . . Uniques/NPCs Destroyed . | . . . . Combat | -11 -10 -9 -9 -------- Run | Jun Mat Mat Min Damage Taken 1828 | . 221 1356 251 Core 434 | . 26 297 111 Absorbed by Shields . | . . . . Core Remaining (%) 94 | 100 89 . . Volleys Fired 101 | . 24 71 6 Largest 2 | . 1 2 1 Hottest 79 | . 65 79 20 Shots Fired 162 | . 24 132 6 Gun 162 | . 24 132 6 Cannon . | . . . . Launcher . | . . . . Special . | . . . . Kinetic 67 | . . 61 6 Thermal 95 | . 24 71 . Explosive . | . . . . Electromagnetic . | . . . . Robot Hit Streak 19 | . 4 19 1 Robot Miss Streak 4 | . 2 4 3 Penetration Max . | . . . . Secondary Targets 3 | . . 3 . Max Gunslinging Chain 1 | . . 1 . Shots Hit Robots 105 | . 15 88 2 Core Hits 48 | . 5 41 2 Critical Kills 1 | . . 1 . Critical Parts Destroyed . | . . . . Critical Strikes 7 | . 1 6 . Burn 6 | . 1 5 . Destroy 1 | . . 1 . Melee Attacks . | . . . . Impact . | . . . . Slashing . | . . . . Piercing . | . . . . Sneak Attacks . | . . . . Combat Hostiles . | . . . . Follow-up Attacks . | . . . . Damage Inflicted 1667 | . 239 1402 26 Guns 1659 | . 239 1394 26 Cannons . | . . . . Explosions . | . . . . Melee . | . . . . Ramming 8 | . . 8 . Kinetic 635 | . . 609 26 Thermal 1024 | . 239 785 . Explosive . | . . . . Electromagnetic . | . . . . Impact . | . . . . Slashing . | . . . . Piercing . | . . . . Highest Corruption . | . . . . Average Corruption . | . . . . Corruption Purged . | . . . . Corruption Blocked . | . . . . Overload Shots . | . . . . Overflow Damage . | . . . . Projectiles . | . . . . Explosions . | . . . . Melee . | . . . . Knockbacks . | . . . . Impact . | . . . . Kinetic . | . . . . Secondary . | . . . . Self-Inflicted Damage . | . . . . Shots . | . . . . Rammed 4 | . . 4 . Targets Rammed 5 | . . 5 . Kicked . | . . . . Crushed 1 | . . 1 . Highest Temperature 288 | . 27 288 . Average Temperature 65 | . 13 77 . Received Heat Transfer 675 | . 126 453 96 Siege Activations . | . . . . Robots Corrupted . | . . . . Combat Hostiles . | . . . . Parts Fried . | . . . . Impact Corruptions . | . . . . Robots Melted . | . . . . Combat Hostiles . | . . . . Parts Melted 6 | . 2 4 . Heat Transferred 2960 | . 666 2294 . Parts Sabotaged . | . . . . Parts Stolen . | . . . . Parts Stripped . | . . . . Power Chain Reactions . | . . . . Missiles Intercepted . | . . . . Alert | -11 -10 -9 -9 ------- Run | Jun Mat Mat Min Peak Influence 635 | . 95 635 258 Initial 247 | . . 39 247 Average 275 | . 34 400 246 Maximum Alert Level 2 | . . 2 1 Low Security (%) 37 | . 100 15 . Level 1 29 | . . 25 100 Level 2 33 | . . 59 . Level 3 . | . . . . Level 4 . | . . . . Level 5 . | . . . . High Security . | . . . . Max Security . | . . . . Squads Dispatched 2 | . . 2 . Investigation 1 | . . 1 . Extermination . | . . . . Reinforcement 1 | . . 1 . Assault . | . . . . Garrison . | . . . . Intercept . | . . . . Searches Triggered . | . . . . Construction Impeded . | . . . . Haulers Reinforced . | . . . . Active Scanning Responses . | . . . . Cargo Convoy Interrupts . | . . . . Stealth | -11 -10 -9 -9 --------- Run | Jun Mat Mat Min Distress Signals 4 | . . 4 . Communications Jammed . | . . . . Distress Signals . | . . . . Times Spotted 60 | . 6 45 9 Peak Tracking Total 9 | . 2 5 9 Tactical Retreats 4 | . 1 3 . Traps | -11 -10 -9 -9 ------- Run | Jun Mat Mat Min Traps Triggered 1 | . . 1 . Indirectly . | . . . . Trap Hack Attempts . | . . . . Triggered . | . . . . Disarmed . | . . . . Reprogrammed . | . . . . Reused . | . . . . Traps Extracted . | . . . . Installed . | . . . . Triggered . | . . . . Machines | -11 -10 -9 -9 ---------- Run | Jun Mat Mat Min Machines Disabled . | . . . . Max in Single Turn . | . . . . Machines Repaired . | . . . . Machines Sabotaged . | . . . . Overloaded Fab Kills . | . . . . Hacking | -11 -10 -9 -9 --------- Run | Jun Mat Mat Min Machines Accessed 2 | . 2 . . Terminals 2 | . 2 . . Fabricators . | . . . . Repair Stations . | . . . . Recycling Units . | . . . . Scanalyzers . | . . . . Garrison Access . | . . . . Total Hacks 6 | . 6 . . Successful 2 | . 2 . . Failed 4 | . 4 . . Catastrophic . | . . . . Database Lockouts . | . . . . Manual 6 | . 6 . . Terminals 6 | . 6 . . Fabricators . | . . . . Repair Stations . | . . . . Recycling Units . | . . . . Scanalyzers . | . . . . Garrison Access . | . . . . Terminal Hacks . | . . . . Fabricator Hacks . | . . . . Repair Station Hacks . | . . . . Recycling Unit Hacks . | . . . . Scanalyzer . | . . . . Garrison Access Hacks . | . . . . Unauthorized Hacks 2 | . 2 . . Terminals 2 | . 2 . . Track 1 | . 1 . . Operators 1 | . 1 . . Fabricators . | . . . . Repair Stations . | . . . . Recycling Units . | . . . . Scanalyzers . | . . . . Garrison Access . | . . . . Data Cores Recovered . | . . . . Used . | . . . . Hacking Detections 2 | . 2 . . Full Trace Events . | . . . . Feedback Events . | . . . . Feedback Blocked . | . . . . Robot Schematics Acquired . | . . . . Robots Built . | . . . . Authchips . | . . . . Time . | . . . . Total Robot Build Rating . | . . . . Part Schematics Acquired . | . . . . Parts Built . | . . . . Authchips . | . . . . Time . | . . . . Total Part Build Rating . | . . . . Parts Repaired . | . . . . Time . | . . . . Parts Recycled . | . . . . Recycled Matter . | . . . . Retrieved Matter . | . . . . Retrieved Components . | . . . . Parts Scanalyzed . | . . . . Part Schematics Acquired . | . . . . Parts Damaged . | . . . . Bothacking | -11 -10 -9 -9 ------------ Run | Jun Mat Mat Min Used RIF Installer . | . . . . Robots Hacked 3 | . 1 2 . Non-combat . | . . . . Combat 3 | . 1 2 . Robot Hacks Applied 3 | . 1 2 . find_shortcuts 3 | . 1 2 . Relay Couplers Released . | . . . . Fabnet Peak Effective % . | . . . . Robots Rewired . | . . . . Allies Hacked . | . . . . Hacks Repelled . | . . . . Allies | -11 -10 -9 -9 -------- Run | Jun Mat Mat Min Total Allies . | . . . . Largest Group . | . . . . Highest-Rated Group . | . . . . Highest-Rated Ally . | . . . . Total Orders . | . . . . Ally Attacks . | . . . . Total Damage . | . . . . Kills . | . . . . Allies Corrupted . | . . . . Allies Melted . | . . . . Intel | -11 -10 -9 -9 ------- Run | Jun Mat Mat Min Robot Analysis Total 4 | . 2 1 1 Derelict Logs Recovered . | . . . . Drone Launches . | . . . . Drone Recoveries . | . . . . Exploration | -11 -10 -9 -9 ------------- Run | Jun Mat Mat Min Turns Passed 1320 | . 371 759 190 Spaces Moved 771 | 1 317 319 134 Core 90 | 1 65 6 18 Treads 346 | . . 251 95 Legs 194 | . 132 62 . Wheels 120 | . 120 . . Hover 21 | . . . 21 Flight . | . . . . Fastest Speed 50 | 50 50 50 50 Average Speed 122 | 50 90 150 129 Slowest Speed 160 | 50 120 160 160 Overloaded Moves . | . . . . Propulsion Burnouts . | . . . . Robots Hopped . | . . . . Cave-ins Triggered . | . . . . Exploration Rate (%) 33 | 2 47 43 41 Regions Visited 3 Branch Regions 1 Pre-discovered Areas . | . . . . Known Exits Taken . | . . . . Unknown Exits Taken 3 | 1 1 1 . Scrap Searched 1 | . . . 1 Spaces Dug . | . . . . Terrain Destroyed . | . . . . Melee . | . . . . Projectile . | . . . . AOE . | . . . . Terrain Rammed . | . . . . Walls Destroyed . | . . . . Machines Disabled . | . . . . Actions | -11 -10 -9 -9 --------- Run | Jun Mat Mat Min Total 983 | . 377 462 144 Wait 76 | . 6 68 2 Move 768 | . 316 318 134 Hop . | . . . . Pick Up . | . . . . Fast Attach . | . . . . Attach . | . . . . Detach . | . . . . Swap . | . . . . Drop . | . . . . Fire 101 | . 24 71 6 Melee . | . . . . Ram . | . . . . Kick . | . . . . Crush 5 | . . 5 . Escape Stasis . | . . . . Rewire 2 | . . . 2 Trap . | . . . . Miscellaneous 31 | . 31 . . Route ------- -11/Junkyard -10/Materials (discovered 2 exits: [*Mat] / [*Min]) -9/Materials (discovered 2 exits: [*Min x2]) -9/Mines History --------- Turn | Location | Event 1 | -11/Junkyard | Discovered new exit (range 0) 1 | -11/Junkyard | Entered Materials 144 | -10/Materials | Discovered new exit (range 8) 256 | -10/Materials | Discovered new exit (range 3) 372 | -10/Materials | Entered another Materials area 668 | -9/Materials | Lost 3 parts (3u) 740 | -9/Materials | Discovered new exit (range 9) 748 | -9/Materials | Discovered new exit (range 8) 912 | -9/Materials | Core integrity fell below 50% 1131 | -9/Materials | Entered Mines 1262 | -9/Mines | Assembled infested the area 1267 | -9/Mines | Assisted by a Guerilla fighting off Assembled 1286 | -9/Mines | Core integrity fell below 20% 1321 | -9/Mines | Destroyed by D-53 Grenadier with Mini Grenade Launcher Last Messages --------------- they're closing on this area, come on!" 01272_ KE-956(h): "I'll hold them off! Go on ahead or try to find another way!" 01283_ Released control of Y-45 Defender. 01283_ Attempting to rewire Y-45 Defender. 01283_ Y-45 Defender is rebooting, system inaccessible. 01284_ Attempting to rewire Y-45 Defender. 01284_ Y-45 Defender is rebooting, system inaccessible. 01285_ Y-45 Defender reactivates. 01293_ Took control of as-31178. 01293_ Extracted analysis data for Assembled. 01302_ as-95331 destroyed. 01305_ Acquired 21 matter. 01317_ U-05 Engineer lays Concrete. 01317_ Critical hit (Burn: +37). 01318_ U-05 Engineer lays Concrete. 01319_ Asb. Hover Unit destroyed. 01319_ Asb. Rifle destroyed. 01319_ Lost control of as-31178. 01319_ U-05 Engineer builds a Wall. 01320_ The unstable cave ceiling collapses. Map ----- +----------------------------------------------------+ | ?????????????? ??????????# #???????# ## | | ???????????????"" ####????## #????????# # | | ??????????????""" ##### #?????????# | | ???????????????"" #?????????## | | ????????????????????# #???????### | | ????????????????????# #??????## | | ????????????????????## ### #??????# | | ?????????????????????#????## ##??????# | | ???????????????????????????# #???????## # | | ??????????????????????????## ##??????## ## | | ?????????????????????????## ##?##### ###? | | ????????????????????????## ### ##??? | | ????????????????#####???# ##???? | | ???###??????????# ##??# ####????? | | ??## ##????????? #??# ## ##???????? | | ??# ##???????? #??## #### #????????? | | ??# ##???????? ##??###???# #????????? | | ??# #????????# ##??????## ##????????? | | ??# " ##??????## ##????## #?????????? | | ???# ######## #???## ##?????????? | | ???## # ##??# """ ##??????????? | | ????### ## #??# """ ##???????????? | | ??????# #### #??## """ #????????????? | | ??????# #??## #???# ;#???????????? | | ??????# #???# # # # #???????????? | | ??????# #???## @ #???????????? | | ??????# #????#### ] d # #????????? | | ??????# ########## ! = d ## ##?????????? | | ??????# !% = u % #?????????? | | ??????############!#### # * r ?????????? | | ?????????????????# #?? # ????? | | ?????????????????# #??# # # ? ###### ???? | | ?????????????????# #??######### # #k ???????????? | | ?????????????????# #???????????##?#?#???????????? | | ?????????????????# #????????????????????????????? | | ?????????????????# #????????????????????????????? | | ????????????????? #????????????????????????????? | | ?????????????????###????????????????????????????? | | ????????????????????????????????????????????????? | | ????????????????????????????????????????????????? | | ????????????????????????????????????????????????? | | ????????????????????????????????????????????????? | | ????????????????????????????????????????????????? | | ????????????????????????????????????????????????? | | ????????????????????????????????????????????????? | | ????????????????????????????????????????????????? | | ????????????????????????????????????????????????? | | ????????????????????????????????????????????????? | | ????????????????????????????????????????????????? | | ????????????????????????????????????????????????? | +----------------------------------------------------+ Best States ------------- Heat Dissipation 43 Energy Generation 20 Energy Capacity 215 Matter Stores 100 Matter Capacity 100 Sight Range 16 Terrain Scan Range 16 Terrain Scan Density 10 Armor Coverage 150 Resistance: EX 50 Resistance: I 25 Evasion (%) 55 Recoil Reduction 2 Item Schematics ----------------- None Robot Schematics ------------------ None Fabricated ------------ Nothing Alien Tech Used ----------------- None Achievements -------------- None Challenges ------------ None Polymind | -11 -10 -9 -9 ---------- Run | Jun Mat Mat Min Hosts 5 | . 2 2 1 Combat Hostiles 4 | . 1 2 1 Allies . | . . . . Unique Host Classes 4 | . 2 1 1 Average Host Suspicion 75 | . 67 92 17 Unsuspicious Activity 242 | . 157 17 68 Returns to Shadow . | . . . . Fuzzy Dispatches . | . . . . Protomatter Created 225 | . . 143 82 Used 97 | . 35 46 16 Decayed 23 | . . 5 18 Highest Spend 30 | . 30 23 16 Top 5 Hosts by Kills: Y-45 Defender (-9/Materials: 14) Y-45 Defender (-9/Materials: 8) G-47 Trooper (-10/Materials: 6) as-31178 (-9/Mines: 1) Game ------ Seed NeutronPhasingBlade Manual? 0 Play Time 00:10:45 Cumulative 123.3 hours Start 2023.04.06 @ 16:06:51 End 2023.04.06 @ 16:16:02 Sessions 1 Manual Loads 0 Difficulty Rogue Special Mode Winter2022/Polymind Game No. 81 Rogue 81 Adventurer 0 Explorer 0 Win Type - Total 4 Types 3/0/0/1/0/0/0/0/0 Lore% 45 Gallery% 63 Achievement% 59 Wizard Run 0 Options --------- ASCII 0 Keyboard 0 Movement Numpad Keybinds 0 Fullscreen 2 Font 12/Smallcaps Map View 83x54 Tactical HUD 1 Map Filters NONE Filters NONE Steam 1 RUN: 9e61be9a-086e-4f8b-a31b-4cc79e2550dc